Unix NetHack Version 5.0.0-0 post-release - last build May 23 2026 06:08:33 (1c0ff79ee797540d5714e4e18072db0edd9e58ae,branch:main).

Game began 2026-05-26 00:05:17, ended 2026-05-26 00:52:43.

Brudee, neutral female human Tourist

                   --------------------------------------
                   |*.................................*%[|
                   |.-----------#------%-----#----------.|
                   |.|         .*0.....................#%|
                   |.|        ------.--.----.---------.|..
                   |.|             |.|.....|.        | |..
                   -.|             +.|.oo.0|           |.
                   ..|             |.|..f@.|           |.
                   .*|             -.|..o..|           |.
                --...|             ..--...--           |.
                .<...|              {.......           |.
                .....|              ........           |.
                 ....| |           -......---          |.
                  ...|.|           |......|             .
                  ...#.|           |......             |.
                   ..|.|           |....0.|            |.
                   ..| -           -......-            |.
                   |.|             ..... .             |.
                   |.----------------#-.----------------.
                   |..................)....[.)...)....00.
                   ------------------------------------
Brudee the Excursionist     St:12 Dx:12 Co:17 In:12 Wi:12 Ch:15  Neutral S:7220
Dlvl:7  $:4450 HP:0(55) Pw:29(29) AC:-1 Xp:7/791 T:3983  Satiated Burdened

Latest messages:
 The crude dagger misses Aiothogul of Aihaiai.
 A crude dagger misses you.
 You hit Aiothogul of Aihaiai.
 The kitten misses Aiothogul of Aihaiai.
 The kitten misses Aiothogul of Aihaiai.
 You kill Aiothogul of Aihaiai!
 The kitten drops a crude dagger.
 Your kitten eats a hill orc corpse named Aiothogul of Aihaiai.
 Aigorog of Aihaiai picks up a pair of hard shoes.
 Ruk-oggris of Aihaiai picks up a crude dagger.
 Aigorog of Aihaiai puts on a pair of hard shoes.
 Ruk-oggris of Aihaiai wields a crude dagger!
 You hit Ruk-oggris of Aihaiai!
 Ruk-oggris of Aihaiai thrusts her crude dagger.
 Ruk-oggris of Aihaiai misses!
 You kill Ruk-oggris of Aihaiai!
 The orc-captain throws a knife!
 You are almost hit by a knife.
 You miss the orc-captain.
 The orc-captain swings his curved sword.
 The orc-captain hits!
 The orc-captain swings his curved sword.
 The orc-captain misses!
 The orc-captain swings his curved sword.
 The orc-captain just misses!
 The orc-captain swings his curved sword.
 The orc-captain hits!
 The orc-captain picks up 23 gold pieces.
 Unogz of Aihaiai picks up a crude dagger.
 You hit the orc-captain!
 The kitten bites Unogz of Aihaiai.
 Unogz of Aihaiai wields a crude dagger!
 The orc-captain swings his curved sword.
 The orc-captain hits!
 The orc-captain swings his curved sword.
 The orc-captain misses!
 The kitten bites Unogz of Aihaiai.
 You miss the orc-captain.
 The kitten bites Unogz of Aihaiai.
 Unogz of Aihaiai thrusts her crude dagger at the kitten.
 Unogz of Aihaiai hits the kitten.
 The orc-captain swings his curved sword.
 The orc-captain misses!
 The orc-captain swings his curved sword.
 The orc-captain hits!
 The orc-captain hits!
 The orc-captain hits again!
 You die...
 Do you want your possessions identified? [ynq] (y) y
 Do you want to see your attributes? [ynq] (y) q

Inventory:
 Coins    ('$')
  $ - 4450 gold pieces
 Weapons  (')')
  a - 17 +2 darts (at the ready)
  r - 7 cursed +0 shuriken
  p - a blessed +2 battle-axe (weapon in hands)
 Armor    ('[')
  R - a blessed +2 pair of leather gloves (being worn)
  Y - a cursed -1 oilskin cloak
  t - an uncursed +0 robe (being worn)
  j - a blessed +0 Hawaiian shirt with a sea turtle motif (being worn)
  J - a blessed +1 elven mithril-coat (being worn)
 Comestibles  ('%')
  f - 2 uncursed apples
  b - 3 uncursed food rations
  d - an uncursed pear
  c - an uncursed tripe ration
  q - 3 uncursed lichen corpses
 Scrolls  ('?')
  Q - a cursed scroll of food detection
  O - a blessed scroll of identify
  V - 2 uncursed scrolls of identify
  D - an uncursed scroll of light
  n - an uncursed scroll of remove curse
  x - an uncursed scroll of taming
  m - a cursed scroll of teleportation
 Potions  ('!')
  h - an uncursed potion of acid
  W - an uncursed potion of monster detection
  S - a potion of holy water
 Wands    ('/')
  X - a wand of create monster (0:11)
  U - a wand of digging (0:3)
  i - a wand of probing (0:6)
  o - a wand of striking (0:0)
 Tools    ('(')
  w - an uncursed blindfold
  l - an uncursed credit card
  k - an expensive camera (0:45)
  g - a +0 pick-axe
  e - an uncursed tallow candle
  v - a +0 unicorn horn

Brudee the Tourist's attributes:

Background:
 You were an Excursionist, a level 7 female human Tourist.
 You were neutral, on a mission for The Lady
 who was opposed by Blind Io (lawful) and Offler (chaotic).
 You were right-handed.
 You were in the Gnomish Mines, on level 7.
 You entered the dungeon 3983 turns ago.
 It was the midnight hour.
 You had 791 experience points, 489 more were needed to attain level 8.
 Your score was 7220 before end-of-game adjustments.

Basics:
 You had 0 out of 55 hit points.
 You had all 29 energy points (spell power).
 Your armor class was -1.
 Your wallet contained 4450 zorkmids.
 Autopickup was on for '$!=+?/"' plus thrown.

Final Characteristics:
 Your strength was 12 (limit:18/100).
 Your dexterity was 12 (limit:18).
 Your constitution was 17 (limit:18).
 Your intelligence was 12 (limit:18).
 Your wisdom was 12 (limit:18).
 Your charisma was 15 (limit:18).

Final Status:
 You were satiated.
 You were burdened; movement was slightly slowed.
 You were wielding an axe.
 You had basic skill with axe.

Final Attributes:
 You were piously aligned.
 You were telepathic.
 You were guarded.
 You are dead.

Miscellaneous:
 You didn't encounter any bones levels.
 Total elapsed playing time was 47 minutes and 26 seconds.

Major events:
 Turn
    1: Brudee the neutral female human Tourist entered the dungeon
  488: read a Discworld novel
  765: attained the rank of Sightseer (level 3)
 2097: entered the Gnomish Mines
 2989: attained the rank of Excursionist (level 6)
 3554: reached Mine Town
 3983: killed by an orc-captain

You didn't know any spells.

Skills:
 Fighting Skills
   bare handed combat [Unskilled]
   two weapon combat  [Unskilled]
   riding             [Unskilled]
 Weapon Skills
   dagger             [Unskilled]
   knife              [Unskilled]
   axe                [Basic]
   pick-axe           [Unskilled]
   short sword        [Unskilled]
   broadsword         [Unskilled]
   long sword         [Unskilled]
   two-handed sword   [Unskilled]
   saber              [Unskilled]
   mace               [Unskilled]
   morning star       [Unskilled]
   flail              [Unskilled]
   hammer             [Unskilled]
   quarterstaff       [Unskilled]
   polearms           [Unskilled]
   spear              [Unskilled]
   trident            [Unskilled]
   lance              [Unskilled]
   bow                [Unskilled]
   sling              [Unskilled]
   crossbow           [Unskilled]
   dart               [Basic]
   shuriken           [Unskilled]
   boomerang          [Unskilled]
   whip               [Unskilled]
   unicorn horn       [Unskilled]
 Spellcasting Skills
   divination spells  [Unskilled]
   enchantment spells [Unskilled]
   escape spells      [Unskilled]

Voluntary challenges:
 Character rerolling was not enabled.
 You never genocided any monsters.
 You never polymorphed an object.
 You never changed form.
 You used no wishes.
Achievements:
 You entered a shop.
 You read from a Discworld novel.
 You attained the rank of Sightseer.
 You entered the Gnomish Mines.
 You attained the rank of Excursionist.
 You entered Minetown.

 The Dungeons of Doom: levels 1 to 7
    Level 1:
    Level 2:
       A scroll shop.
    Level 3:
    Level 4:
       Many altars.
       Stairs down to The Gnomish Mines.
    Level 5:
    Level 6:
       Many fountains.
       Oracle of Delphi.
    Level 7:
 The Gnomish Mines: levels 5 to 7
    Level 5:
    Level 6:
    Level 7: <- You were here.
       An altar, a fountain.
       Final resting place for
          you, killed by an orc-captain.


Vanquished creatures:
 an orc-captain
  3 gnome rulers
  a housecat
  a jaguar
  a blue jelly
  a black unicorn
  4 Uruk-hai
 an orc shaman
  2 rock piercers
  3 shriekers
  2 gnome leaders
  a little dog
  2 floating eyes
  3 dwarves
  6 hill orcs
  2 centipedes
  3 giant bats
  a wererat
 an iguana
  2 coyotes
  4 hobbits
  2 large kobolds
  2 hobgoblins
  5 giant rats
  6 gnomes
  3 geckos
  a jackal
  a fox
  3 goblins
  7 sewer rats
  8 grid bugs
  a bat
  4 lichens
  5 kobold zombies
  5 newts
98 creatures vanquished.

No species were genocided or became extinct.

Game over:
                       ----------
                      /          \
                     /    REST    \
                    /      IN      \
                   /     PEACE      \
                  /                  \
                  |      Brudee      |
                  |     4450 Au      |
                  |   killed by an   |
                  |   orc-captain    |
                  |                  |
                  |                  |
                  |       2026       |
                 *|     *  *  *      | *
        _________)/\\_//(\/(/\)/\//\/|_)_______

Aloha Brudee the Tourist...

You died in The Gnomish Mines on dungeon level 7 with 6848 points,
and 4450 pieces of gold, after 3983 moves.
You were level 7 with a maximum of 55 hit points when you died.

